 Dungeon Crawl Stone Soup version 0.28-a0-1236-gb25a51b929 (webtiles) character file.

Game seed: 4317459019965989074

5671 shoop the Cleaver (level 10, 0/75 HPs)
             Began as a Palentonga Abyssal Knight on Dec 25, 2021.
             Was an Elder of Lugonu.
             Slain by an acid dragon (4 damage)
             ... on level 10 of the Dungeon.
             The game lasted 00:24:30 (13243 turns).

shoop the Cleaver (Palentonga Abyssal Knight)      Turns: 13243, Time: 00:24:31

Health: 0/75       AC: 11    Str: 19    XL:     10   Next: 47%
Magic:  17/17      EV:  7    Int: 19    God:    Lugonu [****..]
Gold:   497        SH:  0    Dex: 10    Spells: 9/9 levels left

rFire   . . .      SeeInvis +   a - +5 hand axe
rCold   . . .      Faith    .   (no shield)
rNeg    . . .      Spirit   .   m - +3 ring mail
rPois   .          Reflect  .   u - +1 hat
rElec   .          Harm     .   y - +1 cloak {Stlth+}
rCorr   .          Rampage  .   (no gloves)
Will    .....                   k - +0 barding
Stlth   ++........              (no amulet)
HPRegen 0.22/turn               f - +6 ring of intelligence
MPRegen 0.15/turn               (no ring)

@: corroded, curled up
A: large, rugged brown scales 3, see invisible, deformed body, roll 1, armoured
tail, reflexive curl
a: Rolling Charge, Renounce Religion, Depart the Abyss, Bend Space, Banish,
Corrupt


You were on level 10 of the Dungeon.
You worshipped Lugonu.
Lugonu was greatly pleased with you.
You visited 1 branch of the dungeon, and saw 10 of its levels.
You visited the Abyss 1 time.

You collected 497 gold pieces.

Inventory:

Hand Weapons
 a - a +5 hand axe (weapon)
 b - a +2 spear of venom
Missiles
 c - 5 atropa-tipped darts
 n - a throwing net
 p - 4 boomerangs
Armour
 k - a +0 barding (worn)
 m - a +3 ring mail (worn)
 u - a +1 hat (worn)
 x - a scarf of repulsion
 y - a +1 cloak of stealth (worn)
 G - a +1 robe of fire resistance
Jewellery
 f - a +6 ring of intelligence (left hand)
Wands
 e - a wand of acid (13)
 l - a wand of flame (26)
 w - a wand of digging (2)
 C - a wand of mindburst (7)
 D - a wand of iceblast (12)
 E - a wand of paralysis (6)
Scrolls
 d - a scroll of vulnerability {unknown}
 h - a scroll of magic mapping {unknown}
 j - 8 scrolls of teleportation
 r - 3 scrolls of blinking {unknown}
 s - 2 scrolls of amnesia
 z - 2 scrolls of fear
 B - a scroll of fog
 F - 4 scrolls of immolation
Potions
 g - a potion of might
 i - a potion of flight {unknown}
 o - a potion of curing
 q - a potion of magic
 t - 2 potions of ambrosia {unknown}
 v - 2 potions of mutation
 A - 2 potions of invisibility {unknown}
Miscellaneous
 H - a condenser vane


   Skills:
 + Level 3.7 Fighting
 * Level 12.3 Axes
 - Level 2.0 Armour
 + Level 1.8 Dodging
 - Level 1.0 Stealth
 + Level 9.4 Invocations
 - Level 3.0 Evocations


You had 9 spell levels left.
You didn't know any spells.
Your spell library contained the following spells:

 Spells                   Type           Power      Damage    Failure   Level
 Call Canine Familiar     Summ           0%         N/A       71%         3
 Gell's Gravitas          Tloc           0%         N/A       71%         3
 Portal Projectile        Hex/Tloc       0%         N/A       71%         3
 Teleport Other           Tloc           0%         N/A       71%         3
 Leda's Liquefaction      Hex/Erth       0%         N/A       98%         4
 Petrify                  Tmut/Erth      0%         N/A       98%         4
 Blade Hands              Tmut           0%         N/A       100%        5
 Excruciating Wounds      Necr           0%         N/A       100%        5
 Metabolic Englaciation   Hex/Ice        0%         N/A       100%        5
 Dispersal                Tloc           0%         N/A       100%        6
 Statue Form              Tmut/Erth      0%         N/A       100%        6


Dungeon Overview and Level Annotations

Branches:
Dungeon (10/15)            Temple (0/1) D:5            Lair (0/6) D:8
    Orc: D:9-12

Altars:
Fedhas
Qazlal

Annotations:
D:2 Sigmund
D:6 1 runed translucent door, Crazy Yiuf
D:7 1 runed translucent door, 1 exclusion, Dvallin's ghost, novice HOFi
D:9 exclusions: oklob plant and two-headed ogre


Innate Abilities, Weirdness & Mutations

You are completely covered in rugged brown scales. (AC +3, +7% HP)
You have supernaturally acute eyesight. (SInv)
Armour fits poorly on your strangely shaped body.
You can roll at nearby foes to attack.
You have a long armoured tail.
You curl defensively after being hit. (AC +7*)


Message History

The acid dragon bites you but does no damage.
The acid dragon barely misses you.
You hit the acid dragon but do no damage.
The acid dragon is severely wounded.
You hit the acid dragon.
You tail-slap the acid dragon, but do no damage.
The acid dragon is almost dead.
The acid dragon bites you but does no damage.
The acid dragon claws you but does no damage.
You hit the acid dragon but do no damage.
The acid dragon is almost dead.
The acid dragon bites you.
* * * LOW HITPOINT WARNING * * *
The acid dragon claws you.
* * * LOW HITPOINT WARNING * * *
Unknown command.
You barely miss the acid dragon.
The acid dragon is almost dead.
You hit the acid dragon.
The acid dragon is almost dead.
The acid dragon spits acid at you. The splash of acid misses you.
You hear a shout!
You closely miss the acid dragon.
Your tail-slap misses the acid dragon.
The acid dragon is almost dead.
The acid dragon barely misses you. x2
You hit the acid dragon but do no damage.
You tail-slap the acid dragon, but do no damage.
The acid dragon is almost dead.
You hit the acid dragon but do no damage.
The acid dragon is almost dead.
The acid dragon bites you!
* * * LOW HITPOINT WARNING * * *
The acid dragon claws you but does no damage.
Unknown command.
Aiming: Mindburst
Press: ? - help, Shift-Dir - straight line, f - acid dragon
Aim: an acid dragon (almost dead, catching its breath, chance to affect: 77%)
The acid dragon barely resists.
The acid dragon bites you.
You die...

#..........##
#..........#
##........##
###....#.#
######.# #..#
#..# #.##
##@# #.D#
#....#...#
....####.....
### #......
#..... #..##
...# ...


You could see an acid dragon (catching breath).

Vanquished Creatures
  Erica (D:9)
  Maurice (D:8)
  A meliai zombie (D:10)
  3 yaks (D:9)
  Grum (D:7)
  2 steam dragons
  A sky beast (D:7)
  An ice beast (D:7)
  3 orc warriors
  2 black bears (D:8)
  A necrophage (D:4)
  2 wolves (D:8)
  An ogre (D:4)
  2 centaurs
  2 kobold brigands
  2 scorpions
  5 bullfrogs
  A wyvern zombie (D:8)
  A wyvern skeleton (D:7)
  5 wights
  6 killer bees
  A bullfrog zombie (D:6)
  A centaur zombie (D:9)
  5 orc priests
  2 hounds (D:5)
  3 bullfrog skeletons
  7 jellies
  A centaur skeleton (D:7)
  4 iguanas
  8 orc wizards
  7 gnolls
  4 adders
  A white imp (D:8)
  An ufetubus (D:5)
  3 dart slugs
  24 orcs
  12 ball pythons
  3 bats
  23 endoplasms
  A giant cockroach (D:2)
  7 goblins
  7 hobgoblins
  10 kobolds
  A quokka (D:3)
  2 frilled lizards
  4 rats
186 creatures vanquished.

Vanquished Creatures (others)
  21 fungi
  32 plants
53 creatures vanquished.

Grand Total: 239 creatures vanquished

Notes
Turn   | Place    | Note
-------+----------+-------------------------------------------
     0 | Abyss:1  | shoop the Palentonga Abyssal Knight began the quest for the
                  | Orb.
     0 | Abyss:1  | Reached XP level 1. HP: 19/19 MP: 2/2
    48 | Abyss:1  | Noticed a reaper
   101 | Abyss:1  | Found a stormy altar of Qazlal.
   114 | D:1      | Escaped the Abyss
   264 | D:1      | You fall into a shaft and drop 1 floor!
   264 | D:2      | Found a blossoming altar of Fedhas.
   539 | D:1      | Reached XP level 2. HP: 25/25 MP: 3/3
   543 | D:1      | Found a faded altar of an unknown god.
  1107 | D:2      | Noticed Sigmund
  1136 | D:2      | Reached ** piety under Lugonu
  1137 | D:2      | Reached skill level 3 in Axes
  1288 | D:2      | Reached skill level 1 in Stealth
  1288 | D:2      | Reached XP level 3. HP: 19/31 MP: 4/4
  1903 | D:3      | Reached XP level 4. HP: 30/37 MP: 5/5
  2076 | D:2      | Reached skill level 4 in Axes
  2411 | D:3      | Reached XP level 5. HP: 43/43 MP: 7/7
  3639 | D:4      | Noticed a necrophage
  3671 | D:4      | Killed a necrophage
  3672 | D:4      | Reached skill level 5 in Axes
  3672 | D:4      | Reached XP level 6. HP: 42/50 MP: 8/8
  5040 | D:5      | Entered Level 5 of the Dungeon
  5055 | D:5      | Noticed a steam dragon
  5064 | D:5      | Reached skill level 6 in Axes
  5660 | D:5      | Gained mutation: You curl defensively after being hit. (AC
                  | +7*) [Palentonga growth]
  5660 | D:5      | Reached XP level 7. HP: 55/55 MP: 10/10
  5746 | D:5      | Killed a steam dragon
  5967 | D:5      | Found a staircase to the Ecumenical Temple.
  6265 | D:6      | Reached skill level 7 in Axes
  6265 | D:6      | Reached skill level 5 in Invocations
  6407 | D:6      | Found a runed translucent door.
  6408 | D:6      | Noticed Crazy Yiuf
  6689 | D:6      | Reached *** piety under Lugonu
  7333 | D:6      | Reached XP level 8. HP: 54/61 MP: 12/12
  7721 | D:7      | Found a runed translucent door.
  7721 | D:7      | Noticed Dvallin's ghost (novice HOFi)
  7744 | D:7      | Reached skill level 8 in Axes
  8477 | D:7      | Reached skill level 1 in Evocations
  8682 | D:7      | Reached skill level 9 in Axes
  9077 | D:8      | Reached XP level 9. HP: 47/67 MP: 14/14
  9189 | D:8      | Noticed Grum
  9554 | D:8      | Reached skill level 10 in Axes
  9701 | D:8      | Paralysed by an orc for 6 turns
  9725 | D:7      | Killed Grum
  9785 | D:8      | Found a staircase to the Lair.
  9931 | D:8      | Noticed Maurice
  9951 | D:8      | Killed Maurice
  9988 | D:8      | Reached skill level 11 in Axes
 10231 | D:9      | Noticed a two-headed ogre
 10730 | D:9      | Noticed Erica
 10750 | D:9      | Killed Erica
 10751 | D:9      | Reached XP level 10. HP: 7/74 MP: 16/16
 11051 | D:9      | Found a stormy altar of Qazlal.
 11115 | D:9      | Paralysed by a hornet for 1 turns
 11119 | D:9      | Paralysed by a hornet for 3 turns
 11834 | D:9      | Reached skill level 12 in Axes
 11834 | D:9      | Reached skill level 1 in Dodging
 11870 | D:9      | Reached **** piety under Lugonu
 12273 | D:9      | Noticed an oklob plant
 12797 | D:9      | Noticed a red ugly thing
 12839 | D:10     | Entered Level 10 of the Dungeon
 13243 | D:10     | Slain by an acid dragon

Illustrated notes

Levels and vault maps discovered:
D:1:      grunt_arrival_crossed_arrows, layout_basic,
          chequers_ecumenical_altar_island
D:2:      layout_rooms, basic_altar, grunt_decor_clamped, minmay_misc_feat_rows,
          uniq_sigmund
D:3:      layout_basic, nicolae_figureground_sparkle
D:4:      layout_gridville, lemuel_flame_loot_1
D:5:      wad_lake_hut, layout_basic, minmay_temple_entry_overgrown
D:6:      layout_gridville, uniq_crazy_yiuf_cottage
D:7:      layout_gridville, gammafunk_ghost_grave, st_stairs_2, minivault_14
D:8:      layout_rooms, grunt_lair_entry_orc_guard_hut, uniq_maurice, uniq_grum
D:9:      lemuel_slime, layout_loops_ring, nicolae_qazlal_scattered_showers,
          serial_bayou_pond_c, uniq_erica
D:10:     layout_cave_pods, ebering_ghost_reflecting_pool,
          hellmonk_guarded_unrand_vines, uniq_joseph

Skill      XL: |  1  2  3  4  5  6  7  8  9 10 |
---------------+-------------------------------+-----
Axes           | 3 4 5 6 7 9 11 12 | 12.3
Stealth        | 1 |  1.0
Armour         | 2 |  2.0
Invocations    | 3 4 5 7 8 9 |  9.4
Evocations     | 2 3 |  3.0
Dodging        | 1 |  1.8
Fighting       | |  3.7

Action                   |  1- 3 |  4- 6 |  7- 9 | 10-12 || total
-------------------------+-------+-------+-------+-------++-------
Melee: Hand axe          |    89 |    89 |   309 |   172 ||   659
       Tailslap          |     9 |    17 |    55 |    28 ||   109
       Spear             |       |    52 |    56 |       ||   108
Invok: Bend Space        |       |     4 |     2 |     1 ||     7
       Banish            |       |       |     1 |     1 ||     2
 Abil: Rolling Charge    |       |     2 |    12 |     1 ||    15
Evoke: Wand              |       |       |     4 |     1 ||     5
  Use: Potion            |     1 |       |     3 |     1 ||     5
       Scroll            |       |     7 |     3 |     1 ||    11
 Stab: Sleeping          |       |       |     1 |       ||     1
       Distracted        |       |       |       |     1 ||     1
Armor: Leather armour    |    38 |       |       |       ||    38
       Ring mail         |    14 |    79 |   204 |    88 ||   385
       Skin              |       |       |     4 |       ||     4
Dodge: Dodged            |    35 |    35 |    91 |    38 ||   199

Table legend: (Time is in decaauts)
 A = Elapsed time spent in this place.
 B = Non-inter-level travel time spent in this place.
 C = Inter-level travel time spent in this place.
 D = Time resting spent in this place.
 E = Time spent auto-exploring this place.
 F = Levels seen in this place.
 G = Mean time per level.
                   A        B        C        D        E       F      G
               +--------+--------+--------+--------+--------+-----+--------+
         Total |  13236 |  12759 |    477 |   2624 |   8084 |  11 | 1203.3 |
       Dungeon |  13121 |  12644 |    477 |   2624 |   8064 |  10 | 1312.1 |
         Abyss |    115 |    115 |      0 |      0 |     19 |   1 |  115.0 |
               +--------+--------+--------+--------+--------+-----+--------+

Top non-repeatable levels by time:
     D:8: 1801 daAuts
     D:9: 1737 daAuts
     D:5: 1647 daAuts
     D:3: 1614 daAuts
     D:4: 1606 daAuts
     D:7: 1372 daAuts
     D:6: 1204 daAuts
     D:1: 875 daAuts
     D:2: 869 daAuts
    D:10: 391 daAuts
 Abyss:1: 115 daAuts
